 Seeded DCSS version 0.30.1-11-g7821555f0a (webtiles) character file.

Game seed: 5 (custom seed)

2592 Kazon the Poker (level 9, -3/60 (68) HPs)
             Began as a Human Fighter on Nov 6, 2023.
             Was a Priest of Okawaru.
             Slain by a wight
             ... wielding a +4 trident
              (6 damage)
             ... on level 7 of the Dungeon.
             The game lasted 00:23:07 (4492 turns).

Kazon the Poker (Human Fighter)                     Turns: 4492, Time: 00:23:08

HP:   -3/60 (68)    AC: 10    Str: 21    XL:     9   Next: 89%
MP:   0/21          EV: 14    Int:  8    God:    Okawaru [***...]
Gold: 311           SH:  0    Dex: 19    Spells: 8/8 levels left

rFire   . . .        h - +0 whip (holy)
rCold   . . .        (no shield)
rNeg    . . .        b - +0 scale mail
rPois   .            i - +0 helmet
rElec   .            (no cloak)
rCorr   .            (no gloves)
SInv    .            (no boots)
Will    .....        C - amulet of guardian spirit
Stlth   ++           q - ring of magical power
HPRegen 0.30/turn    z - +6 ring of dexterity
MPRegen 0.17/turn

%: guardian spirit
@: heroic, heavily drained
A: no striking features
a: Renounce Religion, Heroism


You were on level 7 of the Dungeon.
You worshipped Okawaru.
Okawaru was most pleased with you.
You visited 2 branches of the dungeon, and saw 8 of its levels.
You also visited: Ossuary.

You collected 311 gold pieces.

Inventory:

Hand Weapons
 a - a +0 war axe
 e - a +3 vampiric halberd
 h - a +0 whip of holy wrath (weapon)
 p - a +2 vampiric dagger
 w - a +0 hand axe of flaming
Missiles
 c - 2 stones (quivered)
 j - 3 boomerangs
 r - 8 poisoned darts
Armour
 b - a +0 scale mail (worn)
 i - a +0 helmet (worn)
Jewellery
 q - a ring of magical power (left hand)
 z - a +6 ring of dexterity (right hand)
 C - an amulet of guardian spirit (around neck)
Wands
 x - a wand of paralysis (8)
Scrolls
 f - a scroll of fog {unknown}
 k - a scroll of teleportation
 l - a scroll of blinking {unknown}
 m - 4 scrolls of identify {unknown}
 n - a scroll of summoning
 o - 2 scrolls of magic mapping {unknown}
 v - a scroll of amnesia {unknown}
 y - a scroll of torment {unknown}
 E - a scroll of poison {unknown}
 F - a scroll of enchant armour {unknown}
 G - 2 scrolls of fear {unknown}
 K - a scroll of enchant weapon {unknown}
Potions
 d - a potion of might
 g - a potion of resistance {unknown}
 s - 5 potions of flight {unknown}
 t - 2 potions of berserk rage {unknown}
 u - 2 potions of invisibility {unknown}
 A - 4 potions of heal wounds {unknown}
 B - a potion of lignification {unknown}
 D - 4 potions of attraction {unknown}
 H - 5 potions of curing {unknown}
 I - a potion of haste {unknown}
 J - 2 potions of brilliance {unknown}
 L - a potion of magic


   Skills:
 + Level 5.1(10.1) Fighting
 * Level 1.4(6.4) Long Blades
 + Level 2.4(10.1) Axes
 + Level 2.3(7.8) Maces & Flails
 + Level 6.6(11.9) Polearms
 + Level 3.3(8.3) Throwing
 + Level 4.9(9.9) Armour
 + Level 1.8(6.8) Dodging
 * Level 1.4(6.4) Stealth
 + Level 3.1(8.1) Shields
 * Level 5.2 Invocations
 * Level 4.5 Evocations


You had 8 spell levels left.
You didn't know any spells.
Your spell library contained the following spells:

 Spells                   Type           Power      Damage    Failure   Level
 Frozen Ramparts          Ice            0%         1d1       96%         3
 Ignite Poison            Fire/Tmut/Pois 0%         N/A       96%         3
 Ice Form                 Ice/Tmut       0%         N/A       100%        4
 Sticky Flame             Conj/Fire      0%         2d3       100%        4
 Eringya's Noxious Bog    Tmut/Pois      0%         N/A       100%        6
 Ignition                 Fire           0%         3d3       100%        8
 Summon Ice Beast         Ice/Summ       Unusable   N/A       N/A         4
 Summon Forest            Summ/Tloc      Unusable   N/A       N/A         5
 Summon Hydra             Summ           Unusable   N/A       N/A         7

Dungeon Overview and Level Annotations

Branches:
Dungeon (7/15)             Temple (1/1) D:4         Ossuary (visited)

Altars:
Dithmenos
Fedhas
Gozag
Hepliaklqana
Okawaru
Qazlal
Trog
Uskayaw
Wu Jian
Xom
The Shining One


Message History

You destroy the wight!
Okawaru accepts your kill.
You closely miss the wight. You hit the wight but do no damage.
The wight closely misses you.
You hit the wight.
The wight convulses.
The wight is moderately damaged.
The wight hits you from afar with a +4 trident!
* * * LOW HITPOINT WARNING * * *
You feel drained.
* * * LOW HITPOINT WARNING * * *
The wight hits you with a +0 dagger.
* * * LOW HITPOINT WARNING * * *
Okay, then.
You closely miss the wight.
The wight is moderately damaged.
The wight hits you but does no damage. The wight misses you.
You hit the wight but do no damage.
The wight is moderately damaged.
You closely miss the wight.
The wight is moderately damaged.
The wight closely misses you. The wight hits you but does no damage.
You closely miss the wight. You punch the wight.
The wight is moderately damaged.
The wight hits you from afar with a +4 trident.
* * * LOW HITPOINT WARNING * * *
The wight hits you but does no damage.
You hit the wight.
The wight convulses.
The wight is severely damaged.
You barely miss the wight.
The wight is severely damaged.
The wight completely misses you.
The wight hits you from afar with a +4 trident.
* * * LOW HITPOINT WARNING * * *
You feel drained.
* * * LOW HITPOINT WARNING * * *
You hit the wight.
The wight convulses.
You destroy the wight!
Okawaru accepts your kill.
The wight hits you from afar with a +4 trident.
You die...

...##..
#..##.#
#..##.#
#z.##.#
######zz##.##
.......z....#
###.#######z#
..#.# #)#
#.#.# #@#
#.[.# #.#
#.#># #.#
#.#.# #.#
#.#.#######.#
#†..........#
#.###########
#.# #.#


You could see a wight.

Vanquished Creatures
  Sigmund (D:4)
  Duvessa (D:6)
  A water moccasin (D:6)
  3 black bears
  A centaur (D:6)
  An ogre (D:5)
  An elf zombie (Ossuary)
  A kobold brigand (D:7)
  2 scorpions
  4 wights (D:7)
  4 killer bees (D:7)
  Dowan (D:6)
  A howler monkey (D:5)
  A vampire bat (D:7)
  5 hounds
  A centaur zombie (Ossuary)
  3 orc priests (D:6)
  3 human zombies (Ossuary)
  A jelly (D:5)
  6 iguanas
  4 orc wizards (D:6)
  4 ogre zombies (Ossuary)
  7 mummies (Ossuary)
  4 gnolls (D:5)
  9 adders
  A white imp (D:7)
  2 ufetubi
  A worm zombie (D:7)
  2 adder zombies (Ossuary)
  3 worms
  14 orcs
  12 bats
  9 endoplasms
  A giant cockroach (D:1)
  12 goblins
  7 hobgoblins
  11 jackals
  10 kobolds
  3 quokkas (D:4)
  6 ball pythons
  3 frilled lizards
  4 goblin zombies (Ossuary)
  6 hobgoblin zombies
  3 kobold zombies
  4 quokka zombies (Ossuary)
  4 rats
  4 rat zombies (Ossuary)
192 creatures vanquished.

Notes
Turn   | Place    | Note
-------+----------+-------------------------------------------
     0 | D:1      | Kazon the Human Fighter began the quest for the Orb.
     0 | D:1      | Reached XP level 1. HP: 18/18 MP: 1/1
    54 | D:1      | Identified a scroll of acquirement
    54 | D:1      | Acquired a +3 vampiric halberd
    73 | D:1      | Reached XP level 2. HP: 20/24 MP: 2/2
   160 | D:1      | Reached XP level 3. HP: 26/29 MP: 3/3
   875 | D:1      | Reached skill level 1 in Polearms
   936 | D:2      | Reached XP level 4. HP: 31/35 MP: 4/4
  1357 | D:2      | Reached skill level 2 in Polearms
  1357 | D:2      | Reached skill level 1 in Throwing
  1369 | D:2      | Reached XP level 5. HP: 41/41 MP: 5/5
  1589 | D:3      | Found a blossoming altar of Fedhas.
  1758 | D:3      | Found a stormy altar of Qazlal.
  1850 | D:3      | Identified the +2 sling "Qeuhanocyt" {speed, rElec Str-3
                  | Dex+2}
  1968 | D:3      | Found a faded altar of an unknown god.
  2014 | D:4      | Found a staircase to the Ecumenical Temple.
  2022 | Temple   | Entered the Ecumenical Temple
  2036 | Temple   | Became a worshipper of Warmaster Okawaru
  2102 | D:4      | Reached XP level 6. HP: 48/48 MP: 6/6
  2146 | D:4      | Noticed a black bear
  2150 | D:4      | Reached skill level 3 in Polearms
  2161 | D:4      | Killed a black bear
  2162 | D:4      | Reached skill level 1 in Invocations
  2166 | D:4      | Found a hazy altar of Hepliaklqana.
  2167 | D:4      | Found a shadowy altar of Dithmenos.
  2167 | D:4      | Noticed a shadow
  2210 | D:4      | Noticed Sigmund
  2216 | D:4      | Killed Sigmund
  2216 | D:4      | Reached * piety under Okawaru
  2217 | D:4      | Reached skill level 4 in Polearms
  2217 | D:4      | Reached XP level 7. HP: 30/54 MP: 8/8
  2279 | D:4      | Reached skill level 1 in Evocations
  2772 | D:5      | Entered Level 5 of the Dungeon
  2915 | D:5      | Reached ** piety under Okawaru
  2916 | D:5      | Reached skill level 1 in Dodging
  2916 | D:5      | Reached XP level 8. HP: 52/60 MP: 10/10
  2962 | D:5      | Reached skill level 5 in Polearms
  3241 | D:6      | Noticed Dowan
  3242 | D:6      | Noticed Duvessa
  3250 | D:6      | Killed Duvessa
  3264 | D:6      | Killed Dowan
  3443 | D:6      | Found a shimmering altar of Xom.
  3574 | D:6      | Reached XP level 9. HP: 46/67 MP: 12/12
  3641 | D:6      | Reached *** piety under Okawaru
  3729 | D:6      | Reached skill level 5 in Fighting
  3729 | D:6      | Reached skill level 6 in Polearms
  3803 | D:7      | Found a sand-covered staircase.
  3824 | Ossuary  | Entered an ossuary
  3875 | Ossuary  | Reached skill level 5 in Invocations
  4045 | Ossuary  | Reached skill level 1 in Maces & Flails
  4261 | Ossuary  | Reached skill level 1 in Stealth
  4375 | D:7      | Reached skill level 1 in Long Blades
  4491 | D:7      | HP: 3/61 [wight/+4 trident (4)]
  4492 | D:7      | Slain by a wight

Illustrated notes

Levels and vault maps discovered:
D:1:      ebering_trefoil_3fold, layout_basic, st_stairs_14, serial_bayou_ford_a
D:2:      layout_basic, hangedman_decor_growths, minmay_close_crescents
D:3:      layout_rooms, mainiacjoe_overflow_concentric_impassable,
          mainiacjoe_overflow_paths, shapermc_ecumenical_altar_acropolis,
          chequers_serial_rivers_micro_b
D:4:      layout_basic, riverfiend_overflow_shadow_ancestor,
          minmay_temple_entry_glass, uniq_sigmund
D:5:      layout_gridville
D:6:      layout_basic, xom_teletrap_fun, uniq_duvessa
D:7:      layout_loops_ring, enter_ossuary_3, roderic_batcave
Temple:   nicolae_temple_elliptical

Skill      XL: |  1  2  3  4  5  6  7  8  9 |
---------------+----------------------------+-----
Polearms       | 1 2 4 5 6 |  6.6
Throwing       | 1 2 3 |  3.3
Invocations    | 1 3 4 5 |  5.2
Fighting       | 4 5 |  5.1
Evocations     | 1 3 4 |  4.5
Dodging        | 1 |  1.8
Armour         | 4 |  4.9
Maces & Flails | 2 |  2.3
Stealth        | 1 |  1.4
Long Blades    | 1 |  1.4
Axes           | |  2.4
Shields        | |  3.1

Action                     |  1- 3 |  4- 6 |  7- 9 || total
---------------------------+-------+-------+-------++-------
  Melee: War axe           |    28 |       |       ||    28
         Halberd           |    78 |   118 |   234 ||   430
         Whip              |       |       |   224 ||   224
         Punch             |       |       |     6 ||     6
  Throw: Stone             |       |     6 |    46 ||    52
         Dart              |       |       |    24 ||    24
         Boomerang         |       |       |    25 ||    25
 Invoke: Heroism           |       |       |     2 ||     2
    Use: Scroll            |     2 |     1 |     1 ||     4
         Potion            |     1 |       |       ||     1
 Armour: Scale mail        |    72 |    55 |   191 ||   318
  Dodge: Dodged            |    76 |    50 |   200 ||   326
  Block: Buckler           |    12 |       |       ||    12
